[Event "Titled Tuesday Blitz May 16 Early 2023"]
[White "Baghdasaryan, Vahe"]
[Black "Lavrik, Dmitry"]
[WhiteFideId "13303139"]
[BlackFideId "24113190"]
[WhiteElo "2216"]
[BlackElo "2345"]
[Result "0-1"]
[Round "07"]
[TimeControl "180+2"]
[Date "2023.05.16"]
[WhiteClock "0:00:00"]
[BlackClock "0:00:06"]

1. e4 c5 2. Nf3 d6 3. d4 cxd4 4. Nxd4 Nf6 5. Nc3 Nc6 6. Bg5 e6 7. Qd2 Be7 8. O-O-O O-O 9. f4 Nxd4 10. Qxd4 Qa5 11. Kb1 Rd8 12. Be2 Bd7 13. h4 Bc6 14. Bf3 h6 15. Qf2 b5 16. e5 Bxf3 17. exf6 Bxd1 18. fxe7 Rd7 19. Nxd1 f6 20. Bxf6 gxf6 21. Qg3+ Kf7 22. h5 Re8 23. f5 exf5 24. Re1 Rdxe7 25. Qg6+ Kf8 26. Qxf6+ Kg8 27. Rxe7 Rxe7 28. Qxe7 Qd2 29. Nc3 b4 30. Qe6+ Kh8 31. Qd5 bxc3 32. Qa8+ Kg7 33. Qxa7+ Kf6 34. bxc3 Qxc3 35. Qb6 Qd2 36. a4 Qxg2 37. a5 f4 38. a6 f3 39. Qxd6+ Kg5 40. Qd5+ Kg4 41. Qd4+ Kg3 42. a7 Qf1+ 43. Kb2 Qb5+ 44. Kc3 Qc6+ 45. Qc4 Qf6+ 46. Kb3 Qb6+ 47. Kc3 Qxa7 48. Qg8+ Kf2 49. Qf8 Qe3+ 50. Kb2 Ke2 0-1


[Site "https://www.chess.com"]

[Event "Titled Tuesday Blitz May 16 Early 2023"]
[White "iHateNAJDORF"]
[Black "Sakun, Volodymyr"]
[BlackFideId "14114062"]
[WhiteElo "2545"]
[BlackElo "2318"]
[Result "1-0"]
[Round "07"]
[TimeControl "180+2"]
[Date "2023.05.16"]
[WhiteClock "0:00:26"]
[BlackClock "0:00:05"]

1. c4 e5 2. Nc3 Nf6 3. Nf3 d6 4. g3 g6 5. Bg2 Bg7 6. O-O O-O 7. d3 Nc6 8. Rb1 a5 9. a3 Nh5 10. b4 axb4 11. axb4 f5 12. Nd2 f4 13. b5 Ne7 14. Qb3 Kh8 15. Nde4 Nf5 16. c5 Nd4 17. Qb2 d5 18. Nd2 c6 19. bxc6 bxc6 20. Nf3 e4 21. dxe4 dxe4 22. Nxd4 Qxd4 23. Nxe4 Qa4 24. Qd2 Bf5 25. Rb4 Qa5 26. Bb2 Rad8 27. Bxg7+ Nxg7 28. Nd6 Be6 29. Qc3 fxg3 30. hxg3 Qa2 31. Rb7 Rd7 32. Rfb1 Qxe2 33. R7b2 Qg4 34. Rb8 Rdd8 35. R1b7 Qd1+ 36. Bf1 Rg8 37. Rxd8 1-0


[Site "https://www.chess.com"]

[Event "Titled Tuesday Blitz May 16 Early 2023"]
[White "Kubicka, Anna"]
[Black "Itgelt, Khuyagtsogt"]
[WhiteFideId "1152254"]
[BlackFideId "4902912"]
[WhiteElo "2144"]
[BlackElo "2227"]
[Result "1-0"]
[Round "07"]
[TimeControl "180+2"]
[Date "2023.05.16"]
[WhiteClock "0:00:13"]
[BlackClock "0:00:00"]

1. e4 e6 2. d4 d5 3. Nd2 c5 4. exd5 exd5 5. Ngf3 Nc6 6. Bb5 Qe7+ 7. Qe2 Qxe2+ 8. Bxe2 Bf5 9. dxc5 Bxc2 10. Nb3 Bxb3 11. axb3 Bxc5 12. O-O Nge7 13. Rd1 O-O 14. Bf4 Bb6 15. Ra4 Rfe8 16. Bd3 Rad8 17. h3 Ng6 18. Bg3 Nge5 19. Nxe5 Nxe5 20. Bb5 Nc6 21. Rg4 f6 22. Bh4 Kf7 23. Bg3 g6 24. Rh4 h5 25. Ra4 Re6 26. Raa1 Nd4 27. Ba4 Ne2+ 28. Kh2 Nxg3 29. fxg3 Re2 30. Rd3 Rxb2 31. Rad1 d4 32. Bb5 Kg7 33. Bc4 Re2 34. Rxd4 1-0


[Site "https://www.chess.com"]

[Event "Titled Tuesday Blitz May 16 Early 2023"]
[White "Eynullayev, Atilla"]
[Black "Borgaonkar Akshay"]
[WhiteFideId "13413570"]
[BlackFideId "25639110"]
[WhiteElo "2181"]
[BlackElo "2063"]
[Result "0-1"]
[Round "07"]
[TimeControl "180+2"]
[Date "2023.05.16"]
[WhiteClock "0:00:00"]
[BlackClock "0:00:54"]

1. d4 Nf6 2. c4 e6 3. Nc3 Bb4 4. e3 b6 5. Ne2 Bb7 6. a3 Bxc3+ 7. Nxc3 O-O 8. f3 d5 9. b3 c5 10. Bb2 dxc4 11. bxc4 cxd4 12. exd4 Nc6 13. d5 exd5 14. cxd5 Na5 15. d6 Re8+ 16. Kf2 Re6 17. d7 Nxd7 18. Bb5 Bc6 19. Bxc6 Nxc6 20. Ne4 Nde5 21. Qxd8+ Rxd8 22. Bxe5 Nxe5 23. Rhd1 Rc8 24. Ke3 f5 25. Ng5 Re7 26. Kf2 h6 27. Nh3 g5 28. Rd2 Rc3 29. a4 Nd3+ 30. Kg1 Ra3 31. Rad1 Nc5 32. Nf2 Rxa4 33. Rd8+ Kg7 34. h4 Rxh4 35. Rc8 a5 36. Nh3 a4 37. Rdd8 Kg6 0-1


[Site "https://www.chess.com"]

[Event "Titled Tuesday Blitz May 16 Early 2023"]
[White "Jovic, Stanoje"]
[Black "Girya, Olga"]
[WhiteFideId "905020"]
[BlackFideId "4195752"]
[WhiteElo "2236"]
[BlackElo "2263"]
[Result "1-0"]
[Round "07"]
[TimeControl "180+2"]
[Date "2023.05.16"]
[WhiteClock "0:00:24"]
[BlackClock "0:00:00"]

1. c4 Nf6 2. g3 e6 3. Bg2 d5 4. Nf3 Be7 5. O-O O-O 6. b3 c5 7. cxd5 Nxd5 8. Bb2 Nc6 9. d3 Bf6 10. Qc1 Bxb2 11. Qxb2 b6 12. Nbd2 Qf6 13. Qxf6 Nxf6 14. Rac1 Rb8 15. a3 Bb7 16. Nc4 Rfd8 17. Rc2 Nd5 18. Rfc1 f6 19. e3 Nde7 20. Ne1 e5 21. Nd2 Ba6 22. Bf1 Rbc8 23. Bh3 Rc7 24. Bf1 Rcc8 25. Bh3 Rb8 26. Bf1 Kf8 27. b4 cxb4 28. Rxc6 Nxc6 29. Rxc6 Rbc8 30. Rxc8 Rxc8 31. axb4 Rc1 32. Ndf3 Rb1 33. Nc2 Bxd3 34. Nce1 Bxf1 35. Kxf1 Rxb4 36. Ke2 Rb2+ 37. Nd2 a5 38. Nd3 Rc2 39. Kd1 Rc3 40. Nb2 b5 41. Ne4 Rc6 42. Kd2 a4 43. Nd3 Rc4 44. Nd6 a3 45. Nc1 1-0


[Site "https://www.chess.com"]

[Event "Titled Tuesday Blitz May 16 Early 2023"]
[White "Jeet, Jain"]
[Black "Koutsin, Sergey"]
[WhiteFideId "5073022"]
[BlackFideId "14101483"]
[WhiteElo "2067"]
[BlackElo "2381"]
[Result "1-0"]
[Round "07"]
[TimeControl "180+2"]
[Date "2023.05.16"]
[WhiteClock "0:00:19"]
[BlackClock "0:00:10"]

1. d4 Nf6 2. Nf3 e6 3. e3 c5 4. Be2 Nc6 5. O-O d5 6. b3 Bd6 7. Bb2 Qc7 8. Nbd2 cxd4 9. exd4 O-O 10. c4 dxc4 11. bxc4 Be7 12. Rc1 Rd8 13. Nb3 b6 14. Qc2 Bb7 15. Rfd1 Rac8 16. a3 h6 17. h3 Qf4 18. Nbd2 Na5 19. Qb1 Ne4 20. Nf1 Nb3 21. Rc2 Ng5 22. Rc3 Be4 23. Qa1 Na5 24. Ne5 Nc6 25. Nxc6 Bxc6 26. Ng3 Bf8 27. Rcd3 Ba4 28. Rc1 Qb8 29. h4 Nh7 30. d5 exd5 31. cxd5 Rxc1+ 32. Qxc1 Bb5 33. Rd1 Bxe2 34. Nxe2 Qd6 35. Ng3 Qc5 36. Qxc5 bxc5 37. Kf1 g6 38. Ne4 f5 39. Ng3 Kf7 40. h5 Nf6 41. hxg6+ Kxg6 42. Bxf6 Kxf6 43. Ne2 Bd6 44. f4 c4 45. g3 Rc8 46. a4 c3 47. Rc1 c2 48. Nd4 Rc4 49. Nxc2 h5 50. Ke2 h4 51. gxh4 Bxf4 52. Rf1 Rxc2+ 53. Kd3 Rc5 54. Rxf4 Rxd5+ 55. Rd4 Re5 56. Rd6+ Ke7 57. Ra6 Re4 58. Rxa7+ Ke6 59. h5 Rh4 60. h6 Kd5 61. Ra5+ Ke6 62. Ra6+ Ke5 63. a5 Rh3+ 64. Ke2 Ke4 65. Re6+ Kf4 66. a6 Rh2+ 67. Kd3 Kf3 68. a7 Ra2 69. h7 Ra3+ 70. Kc4 Rxa7 71. h8=Q Ra4+ 72. Kb3 Re4 73. Rxe4 Kxe4 74. Qh1+ 1-0


[Site "https://www.chess.com"]

[Event "Titled Tuesday Blitz May 16 Early 2023"]
[White "Madaminov, Mukhiddin"]
[Black "Bettalli, Francesco"]
[WhiteFideId "14210703"]
[BlackFideId "2816453"]
[WhiteElo "2511"]
[BlackElo "2216"]
[Result "1-0"]
[Round "07"]
[TimeControl "180+2"]
[Date "2023.05.16"]
[WhiteClock "0:01:29"]
[BlackClock "0:02:02"]

1. d4 g6 2. g3 Bg7 3. Bg2 c5 4. d5 Nf6 5. c4 O-O 6. Nf3 e6 7. O-O b5 8. dxe6 fxe6 9. cxb5 d5 10. Nc3 a6 11. Be3 Qc7 12. Rc1 Nbd7 13. Ng5 Re8 14. Nxd5 exd5 15. Bxd5+ Kf8 16. Bxa8 Bb7 17. Bxb7 Qxb7 18. Qd6+ Re7 19. Ne6+ 1-0


[Site "https://www.chess.com"]

[Event "Titled Tuesday Blitz May 16 Early 2023"]
[White "Zemlyanskii, Ivan"]
[Black "Khamdamova, Afruza"]
[WhiteFideId "24249971"]
[BlackFideId "14210444"]
[WhiteElo "2421"]
[BlackElo "2312"]
[Result "1-0"]
[Round "07"]
[TimeControl "180+2"]
[Date "2023.05.16"]
[WhiteClock "0:00:36"]
[BlackClock "0:00:05"]

1. d4 Nf6 2. c4 e6 3. Bf4 d5 4. Nc3 Be7 5. e3 O-O 6. Nf3 b6 7. cxd5 Nxd5 8. Nxd5 Qxd5 9. Bd3 Bb7 10. O-O c5 11. Qc2 h6 12. dxc5 Qxc5 13. Qe2 Nc6 14. Rac1 Qh5 15. Be4 Rac8 16. Rfd1 Na5 17. Bb1 Bd5 18. h3 g5 19. Bg3 g4 20. Nd4 f5 21. e4 Bc4 22. Rxc4 Nxc4 23. exf5 e5 24. hxg4 Qf7 25. Ne6 Rfe8 26. Rd7 Qf6 27. Be4 Nd6 28. Bd5 Kh8 29. Bxe5 Rc1+ 30. Kh2 1-0


[Site "https://www.chess.com"]

[Event "Titled Tuesday Blitz May 16 Early 2023"]
[White "Ladan, Nicholas"]
[Black "Rozman, Levy"]
[WhiteFideId "30918855"]
[BlackFideId "2039877"]
[WhiteElo "2167"]
[BlackElo "2376"]
[Result "1/2-1/2"]
[Round "07"]
[TimeControl "180+2"]
[Date "2023.05.16"]
[WhiteClock "0:00:12"]
[BlackClock "0:00:02"]

1. d4 g6 2. Nf3 Bg7 3. Nbd2 d6 4. e4 Nc6 5. Bb5 Bd7 6. O-O Nxd4 7. Bxd7+ Qxd7 8. Nxd4 Bxd4 9. c3 Bg7 10. Qb3 b6 11. a4 a6 12. Nc4 e6 13. Rd1 Ne7 14. Bf4 O-O 15. Rd2 Qc6 16. f3 b5 17. Ne3 e5 18. Bg3 Bh6 19. Bf2 Rab8 20. axb5 axb5 21. Rdd1 Ra8 22. Ng4 Bg7 23. Ne3 Ra4 24. Rxa4 bxa4 25. Qa2 Rb8 26. Rd2 Qb5 27. Ng4 h5 28. Ne3 Qb3 29. Qxb3 axb3 30. h3 Bh6 31. Rd1 Bxe3 32. Bxe3 Ra8 33. Kf2 Ra2 34. Rd2 Kf8 35. Ke2 Ke8 36. Kd3 Nc6 37. Kc4 Na5+ 38. Kb4 Kd7 39. g4 hxg4 40. hxg4 Ra1 41. Rf2 c6 42. f4 f6 43. fxe5 fxe5 44. Bg5 d5 45. exd5 cxd5 46. Rf7+ Ke6 47. Re7+ Kd6 48. Rg7 d4 49. cxd4 exd4 50. Rxg6+ Kd5 51. Ra6 Nc6+ 52. Kb5 Rxa6 53. Kxa6 Ne5 54. Bd2 Nc4 55. Bc1 d3 56. Kb5 d2 57. Bxd2 Nxd2 58. Kb4 Ke4 59. Kc3 Ke3 60. g5 Ne4+ 61. Kxb3 Nxg5 62. Kc4 Ke4 63. b4 Ne6 64. Kb5 Nd4+ 65. Kc5 Kd3 66. Kd5 Kc3 67. Kc5 Kd3 68. Kd5 Kc3 69. Kc5 Kd3 1/2-1/2


[Site "https://www.chess.com"]

[Event "Titled Tuesday Blitz May 16 Early 2023"]
[White "Hamley, Ryan"]
[Black "Weetik, Vjacheslav"]
[WhiteFideId "30959497"]
[BlackFideId "4153472"]
[WhiteElo "2495"]
[BlackElo "2469"]
[Result "0-1"]
[Round "07"]
[TimeControl "180+2"]
[Date "2023.05.16"]
[WhiteClock "0:00:01"]
[BlackClock "0:00:02"]

1. e4 c5 2. Nf3 Nc6 3. c3 Nf6 4. Bd3 d5 5. e5 Ng4 6. Bb5 Qb6 7. Bxc6+ bxc6 8. O-O e6 9. d3 Ba6 10. h3 Nh6 11. Bxh6 gxh6 12. Qc2 Rg8 13. Nbd2 Be7 14. Rfe1 Rg6 15. Nf1 Kd7 16. d4 Rag8 17. Ne3 cxd4 18. cxd4 c5 19. Rad1 Ke8 20. g3 h5 21. h4 cxd4 22. Nxd4 Bxh4 23. Qa4+ Kf8 24. Ng2 Be7 25. Nf4 Rg4 26. Rc1 Rxf4 27. Nxe6+ Qxe6 28. Qxf4 h4 29. Rc7 hxg3 30. fxg3 Rg4 31. Qf3 Qg6 32. Kf2 Bd8 33. Rc2 Bb6+ 34. Kg2 Bb7 35. Rec1 d4 36. Qxb7 Rxg3+ 37. Kf1 Qd3+ 38. Kf2 Qe3+ 0-1


[Site "https://www.chess.com"]

[Event "Titled Tuesday Blitz May 16 Early 2023"]
[White "Csonka, Balazs"]
[Black "Shapiro, Viktor"]
[WhiteFideId "742910"]
[BlackFideId "4175700"]
[WhiteElo "2404"]
[BlackElo "2152"]
[Result "1-0"]
[Round "07"]
[TimeControl "180+2"]
[Date "2023.05.16"]
[WhiteClock "0:00:11"]
[BlackClock "0:00:05"]

1. d4 Nf6 2. c4 e6 3. g3 c5 4. d5 exd5 5. cxd5 d6 6. Nc3 g6 7. Bg2 Bg7 8. Nf3 O-O 9. O-O a6 10. a4 Re8 11. Nd2 Nbd7 12. Nc4 Ne5 13. Na3 Bd7 14. h3 Nh5 15. Rb1 Rb8 16. e4 b5 17. axb5 axb5 18. b4 c4 19. g4 Nd3 20. Ncxb5 Bxb5 21. Nxb5 Rxb5 22. gxh5 Rxb4 23. Rxb4 Nxb4 24. hxg6 hxg6 25. Qa4 Qb8 26. Bf4 Rc8 27. Rb1 c3 28. Rxb4 Qc7 29. Bf1 c2 30. Rc4 Qd8 31. Qxc2 Rxc4 32. Qxc4 Qf6 33. Bg3 Qg5 34. Qc8+ Kh7 35. Qg4 Qc1 36. Qh4+ Kg8 37. Qd8+ Kh7 38. Qxd6 Bd4 39. Qf4 Kg8 40. Qxc1 1-0


[Site "https://www.chess.com"]

[Event "Titled Tuesday Blitz May 16 Early 2023"]
[White "SereneSalmon"]
[Black "Preotu, Razvan"]
[BlackFideId "2613280"]
[WhiteElo "2492"]
[BlackElo "2407"]
[Result "1-0"]
[Round "07"]
[TimeControl "180+2"]
[Date "2023.05.16"]
[WhiteClock "0:00:18"]
[BlackClock "0:00:08"]

1. d4 Nf6 2. c4 g6 3. Nc3 d5 4. cxd5 Nxd5 5. e4 Nxc3 6. bxc3 Bg7 7. Nf3 c5 8. h3 O-O 9. Be2 Nc6 10. Be3 cxd4 11. cxd4 Qa5+ 12. Bd2 Qa3 13. d5 Ne5 14. Rb1 Qxa2 15. O-O Bd7 16. Rxb7 Rfb8 17. Qb1 Qxb1 18. Rfxb1 Nxf3+ 19. Bxf3 Be5 20. Ba5 Bc8 21. Rxb8 Rxb8 22. Rc1 Bd7 23. Be2 f5 24. exf5 gxf5 25. g3 Kf7 26. Bf3 Rb2 27. Bc3 Bxc3 28. Rxc3 a5 29. Rc7 Ke8 30. Ra7 a4 31. Ra8+ Kf7 32. Bh5+ Kf6 33. Ra7 Bb5 34. Kg2 Rd2 35. Bf3 Rd4 36. Rb7 Be8 37. Rb6+ Ke5 38. Re6# 1-0


[Site "https://www.chess.com"]

[Event "Titled Tuesday Blitz May 16 Early 2023"]
[White "Lorenzo De La Riva, Lazaro"]
[Black "Begmuratov, Alisher"]
[WhiteFideId "2268809"]
[BlackFideId "14203367"]
[WhiteElo "2294"]
[BlackElo "2387"]
[Result "0-1"]
[Round "07"]
[TimeControl "180+2"]
[Date "2023.05.16"]
[WhiteClock "0:00:31"]
[BlackClock "0:01:09"]

1. Nf3 d5 2. g3 c5 3. c4 dxc4 4. Na3 Nf6 5. Nxc4 g6 6. Bg2 Bg7 7. O-O O-O 8. d3 Nc6 9. Rb1 Be6 10. a3 Nd5 11. Bd2 Qd7 12. Ng5 Nb6 13. Nxe6 Qxe6 14. Nxb6 axb6 15. b4 c4 16. dxc4 Qxc4 17. b5 Nd4 18. e3 Nxb5 19. Rb4 Qc5 20. a4 Nc3 21. Bxc3 Bxc3 22. Re4 Rfd8 23. Qb3 Rac8 24. Rc1 e6 25. Rf4 Qe5 26. Bxb7 Rc7 27. Bf3 Rd2 28. Qxb6 Kg7 29. h4 Ba5 30. Qb1 Rxc1+ 31. Qxc1 Ra2 32. Bc6 Ra1 33. Qxa1 Qxa1+ 34. Kg2 Qb2 35. h5 f5 36. Rc4 Be1 37. Rf4 g5 38. Rf3 Kf6 39. a5 g4 40. e4 gxf3+ 0-1


[Site "https://www.chess.com"]

[Event "Titled Tuesday Blitz May 16 Early 2023"]
[White "Arabidze, Meri"]
[Black "Aakanksha Hagawane"]
[WhiteFideId "13604040"]
[BlackFideId "25014510"]
[WhiteElo "2405"]
[BlackElo "2081"]
[Result "1-0"]
[Round "07"]
[TimeControl "180+2"]
[Date "2023.05.16"]
[WhiteClock "0:01:05"]
[BlackClock "0:00:01"]

1. Nf3 Nf6 2. g3 d5 3. Bg2 c6 4. O-O g6 5. c4 Bg7 6. d4 O-O 7. cxd5 cxd5 8. Nc3 Nc6 9. Ne5 Bf5 10. Nxc6 bxc6 11. Bf4 Qd7 12. Rc1 Nh5 13. Be3 Rab8 14. Na4 Bh3 15. b3 Rbc8 16. Nc5 Qf5 17. Qc2 Qxc2 18. Rxc2 Bf5 19. Rcc1 e5 20. Rfd1 Rfe8 21. Bf3 exd4 22. Bxd4 Bxd4 23. Rxd4 Ng7 24. Ra4 Re7 25. e3 h5 26. h4 Ne6 27. Be2 Nxc5 28. Rxc5 Bd7 29. Rxa7 d4 30. exd4 Rxe2 31. Rxd7 Rxa2 32. d5 Re8 33. Rd6 cxd5 34. Rcxd5 Rb2 35. Rd8 Kf8 36. Rxe8+ Kxe8 37. Rb5 Kd7 38. Rb7+ Ke6 39. Kg2 f6 40. Kf3 g5 41. Rb5 gxh4 42. gxh4 f5 43. Ke3 Rb1 44. Kf4 Rb2 45. f3 Rh2 46. Kg5 Rg2+ 47. Kxh5 Rg8 48. Kh6 Kf6 49. Rb6+ Ke5 50. h5 Kf4 51. Rb5 Rh8+ 52. Kg6 Rg8+ 53. Kf6 Rf8+ 54. Kg7 Rc8 55. h6 Kg5 56. Rb7 f4 57. h7 1-0


[Site "https://www.chess.com"]

[Event "Titled Tuesday Blitz May 16 Early 2023"]
[White "Mrudul Dehankar"]
[Black "Skliarov, Viktor"]
[WhiteFideId "25096990"]
[BlackFideId "14106736"]
[WhiteElo "2139"]
[BlackElo "2317"]
[Result "0-1"]
[Round "07"]
[TimeControl "180+2"]
[Date "2023.05.16"]
[WhiteClock "0:00:00"]
[BlackClock "0:00:16"]

1. e4 c5 2. Nf3 Nc6 3. d4 cxd4 4. Nxd4 Nf6 5. Nc3 e5 6. Ndb5 d6 7. Bg5 a6 8. Na3 b5 9. Nd5 Be7 10. Bxf6 Bxf6 11. c3 O-O 12. Nc2 Rb8 13. Bd3 Bg5 14. h4 Bh6 15. Nce3 Ne7 16. Nxe7+ Qxe7 17. Nd5 Qd8 18. Qh5 Be6 19. O-O f5 20. Ne3 Bxe3 21. fxe3 Qb6 22. Rae1 f4 23. Qe2 Bxa2 24. Kh2 fxe3 25. Rxf8+ Rxf8 26. Kg3 Be6 27. Qxe3 Qxe3+ 28. Rxe3 Rf4 29. Re1 Rg4+ 30. Kf3 Rxh4 31. Ra1 Bc8 32. c4 Rf4+ 0-1


[Site "https://www.chess.com"]

[Event "Titled Tuesday Blitz May 16 Early 2023"]
[White "Mamedov, Edgar"]
[Black "Ljukin, Sergei"]
[WhiteFideId "13739980"]
[BlackFideId "14102200"]
[WhiteElo "2317"]
[BlackElo "2312"]
[Result "1-0"]
[Round "07"]
[TimeControl "180+2"]
[Date "2023.05.16"]
[WhiteClock "0:00:27"]
[BlackClock "0:00:05"]

1. e4 e6 2. d3 d5 3. Nd2 Nf6 4. Ngf3 Be7 5. g3 O-O 6. Bg2 c5 7. O-O Nc6 8. c3 b5 9. e5 Nd7 10. d4 b4 11. Re1 bxc3 12. bxc3 cxd4 13. cxd4 a5 14. Nf1 Ba6 15. h4 Nb4 16. N1h2 Nd3 17. Re3 Nxc1 18. Rxc1 Nb6 19. h5 h6 20. Bf1 Bxf1 21. Qxf1 Nc4 22. Re2 Rb8 23. Ng4 Ba3 24. Rb1 Qc7 25. Kg2 Rxb1 26. Qxb1 Rb8 27. Qd3 Qb6 28. Nd2 Rc8 29. Nxc4 dxc4 30. Qxa3 c3 31. Ne3 Qxd4 32. Rc2 Qxe5 33. Qa4 Qxh5 34. Qd7 Qc5 35. Nd1 Qc4 36. Rxc3 Qe4+ 37. Rf3 Rc2 38. Qxf7+ Kh7 39. Qf4 Qxf4 40. Rxf4 Rxa2 41. Re4 Rd2 42. Nc3 Rd6 43. Na4 Kg6 44. Re5 Ra6 45. Nc5 Kf6 46. f4 Rc6 47. Ne4+ Kf7 48. Rxa5 Rc4 49. Nd6+ 1-0


[Site "https://www.chess.com"]

[Event "Titled Tuesday Blitz May 16 Early 2023"]
[White "Jimenez Almeida, Luis David"]
[Black "Herrera Ortiz, Miguel"]
[WhiteFideId "22242244"]
[BlackFideId "5100550"]
[WhiteElo "2245"]
[BlackElo "2613"]
[Result "0-1"]
[Round "07"]
[TimeControl "180+2"]
[Date "2023.05.16"]
[WhiteClock "0:00:30"]
[BlackClock "0:01:20"]

1. e4 e5 2. Nf3 Nc6 3. Bb5 a6 4. Ba4 Nf6 5. O-O Nxe4 6. Re1 Nc5 7. Bxc6 dxc6 8. Nxe5 Be7 9. d4 Ne6 10. c3 O-O 11. Nd2 c5 12. Ndf3 cxd4 13. cxd4 Qd5 14. Be3 Bf6 15. Qc2 c5 16. Ng4 Bxd4 17. Bxd4 cxd4 18. Re5 Qd8 19. Rd1 Bd7 20. Nxd4 Nxd4 21. Rxd4 Rc8 22. Qd2 Bxg4 23. h3 Qf6 0-1


[Site "https://www.chess.com"]

[Event "Titled Tuesday Blitz May 16 Early 2023"]
[White "Sourath Biswas"]
[Black "Martic, Ivan"]
[WhiteFideId "35091484"]
[BlackFideId "929301"]
[WhiteElo "2171"]
[BlackElo "2360"]
[Result "0-1"]
[Round "07"]
[TimeControl "180+2"]
[Date "2023.05.16"]
[WhiteClock "0:00:01"]
[BlackClock "0:00:51"]

1. d4 d5 2. Bf4 c5 3. e3 Nc6 4. Nf3 Nf6 5. c3 cxd4 6. exd4 Bg4 7. Qb3 Qc8 8. Nbd2 Bxf3 9. Nxf3 e6 10. Bd3 Be7 11. O-O O-O 12. Rfe1 a6 13. Qc2 b5 14. Ne5 g6 15. a3 Nxe5 16. Bxe5 Nd7 17. Bf4 Bf6 18. Qe2 Nb6 19. Bh6 Bg7 20. Bxg7 Kxg7 21. Qe5+ Kg8 22. h4 Qb8 23. Qe3 Nc4 24. Qe2 Qf4 25. g3 Qf6 26. a4 Rab8 27. b3 Nd6 28. Qe5 Qxe5 29. dxe5 Nf5 30. axb5 axb5 31. Ra5 Rfc8 32. Rc1 Nd4 33. Ra7 Nf3+ 34. Kg2 Nxe5 35. Be2 b4 36. c4 dxc4 37. bxc4 b3 38. Ra4 Rd8 39. c5 Rd2 40. Kf1 b2 41. Rb1 Rc2 0-1


[Site "https://www.chess.com"]

[Event "Titled Tuesday Blitz May 16 Early 2023"]
[White "Mahalakshmi, M"]
[Black "Veiga, Jose Francisco R P Neves"]
[WhiteFideId "5001080"]
[BlackFideId "1930087"]
[WhiteElo "2176"]
[BlackElo "2320"]
[Result "1-0"]
[Round "07"]
[TimeControl "180+2"]
[Date "2023.05.16"]
[WhiteClock "0:00:41"]
[BlackClock "0:00:06"]

1. e4 c5 2. Nf3 e6 3. d4 cxd4 4. Nxd4 Nc6 5. Nc3 Qc7 6. Be3 a6 7. Be2 Nf6 8. O-O Bb4 9. f3 O-O 10. Kh1 Bxc3 11. bxc3 d5 12. Bg5 Qe5 13. f4 Qc7 14. Bxf6 gxf6 15. exd5 exd5 16. Bd3 Ne7 17. Rf3 Kh8 18. Rg3 Qxf4 19. Qh5 Ng6 20. Rf1 Qe5 21. Qh6 Bd7 22. Bxg6 fxg6 23. Rxg6 Rg8 24. Rxg8+ Rxg8 25. Qxf6+ Qxf6 26. Rxf6 Re8 27. h3 Re1+ 28. Kh2 Re5 29. Rf7 Bc6 30. Rc7 h5 31. Nxc6 bxc6 32. Rxc6 Re2 33. Rxa6 Rxc2 34. Rh6+ Kg7 35. Rxh5 Rxa2 36. Rxd5 Rc2 37. Rc5 Kf6 38. Kg3 Ke6 39. h4 Kd6 40. Rc4 Kd5 41. Rd4+ Ke5 42. Rd3 Kf5 43. Rf3+ Kg6 44. Kh3 Rc1 45. g4 Rh1+ 46. Kg3 Ra1 47. h5+ Kg7 48. Kh4 Rh1+ 49. Kg5 Ra1 50. Rf5 Ra3 51. Rc5 Kg8 52. Rc6 Ra5+ 53. Kg6 Kf8 54. Rc8+ Ke7 55. h6 Kd7 56. Rc4 Ra1 57. h7 Rh1 58. Kg7 Ke6 1-0


[Site "https://www.chess.com"]

[Event "Titled Tuesday Blitz May 16 Early 2023"]
[White "Gheorghiu, Calin"]
[Black "Sowul, Bartosz"]
[WhiteFideId "1200305"]
[BlackFideId "1137590"]
[WhiteElo "2223"]
[BlackElo "2188"]
[Result "1-0"]
[Round "07"]
[TimeControl "180+2"]
[Date "2023.05.16"]
[WhiteClock "0:00:09"]
[BlackClock "0:00:14"]

1. e4 c5 2. Nf3 d6 3. d4 cxd4 4. Nxd4 Nf6 5. Nc3 Nc6 6. Bg5 g6 7. Bxf6 exf6 8. Be2 Bg7 9. O-O O-O 10. Nxc6 bxc6 11. Bg4 f5 12. exf5 gxf5 13. Bf3 d5 14. Qd2 Rb8 15. Rab1 Ba6 16. Rfe1 Qb6 17. Na4 Qd4 18. Qxd4 Bxd4 19. c3 Bf6 20. Nc5 Bc8 21. a4 a5 22. g3 f4 23. g4 h5 24. h3 Kg7 25. Kg2 hxg4 26. hxg4 Rg8 27. Nd3 Kf8 28. Nxf4 Bg5 29. Nd3 f5 30. Ne5 fxg4 31. Be2 Rb6 32. Bd3 c5 33. Re2 c4 34. Bc2 Bf4 35. Ng6+ Rgxg6 36. Bxg6 Rxg6 37. Rbe1 Bd7 38. Re7 Bxa4 39. Ra7 g3 40. Ree7 gxf2+ 41. Kxf2 Rf6 42. Ke2 Bd6 43. Rh7 Re6+ 44. Kf3 Bd1+ 45. Kg2 Re2+ 46. Kf1 Kg8 47. Rhd7 Bf8 48. Rxd5 Rxb2 49. Rxd1 Ra2 50. Rd8 Ra1+ 51. Ke2 Ra2+ 52. Ke3 Ra1 53. Raa8 Rf1 54. Rxa5 Rf7 55. Rg5+ Rg7 56. Rxg7+ Kxg7 57. Rxf8 Kxf8 58. Kd4 Ke7 59. Kxc4 Kd7 60. Kb5 Kd6 61. c4 Kd7 62. Kb6 Kc8 63. Kc6 Kd8 64. Kb7 Kd7 65. c5 Ke6 66. c6 Kd5 67. c7 Kc4 68. c8=Q+ Kb3 69. Qc6 Kb2 70. Kb6 Ka2 71. Qe4 Kb2 72. Kc5 Kc3 73. Qe3+ Kb2 74. Kc4 1-0


[Site "https://www.chess.com"]

[Event "Titled Tuesday Blitz May 16 Early 2023"]
[White "Bodnaruk, Anastasia"]
[Black "Rom, Jasper"]
[WhiteFideId "4181751"]
[BlackFideId "2023733"]
[WhiteElo "2304"]
[BlackElo "2233"]
[Result "1-0"]
[Round "07"]
[TimeControl "180+2"]
[Date "2023.05.16"]
[WhiteClock "0:00:20"]
[BlackClock "0:00:00"]

1. e4 e6 2. d4 d5 3. e5 c5 4. c3 Nc6 5. Nf3 Bd7 6. Be2 Nge7 7. Na3 cxd4 8. cxd4 Nf5 9. Nc2 Qb6 10. O-O h5 11. Rb1 Rc8 12. Bd3 Ncxd4 13. Nfxd4 Nxd4 14. Be3 Bc5 15. b4 Nxc2 16. Bxc5 Qc7 17. Qxc2 b6 18. Ba6 Rb8 19. Qc3 bxc5 20. bxc5 O-O 21. Rbc1 Bc6 22. Rfd1 f6 23. Re1 f5 24. f4 Rfd8 25. Red1 Qd7 26. Rd4 Qf7 27. Qa5 Rd7 28. Qc3 Qg6 29. a3 Rc7 30. Qg3 Qxg3 31. hxg3 Kf7 32. Rc3 g5 33. Rb4 Rd8 34. Bb5 g4 35. Bxc6 Rxc6 36. Rb7+ Kg6 37. Rxa7 d4 38. Rb3 d3 39. Rbb7 Rg8 40. Rd7 Rxc5 41. Rxd3 Rc1+ 42. Kh2 Rc4 43. Rd6 Re8 44. Rdd7 Rg8 45. Ra6 Re8 46. a4 1-0


[Site "https://www.chess.com"]

[Event "Titled Tuesday Blitz May 16 Early 2023"]
[White "Ibadov, Dashgyn"]
[Black "Chernov, Mikhail"]
[WhiteFideId "24107514"]
[BlackFideId "24143170"]
[WhiteElo "2208"]
[BlackElo "2113"]
[Result "1-0"]
[Round "07"]
[TimeControl "180+2"]
[Date "2023.05.16"]
[WhiteClock "0:00:53"]
[BlackClock "0:00:27"]

1. e4 c5 2. Nf3 Nc6 3. Bb5 g6 4. O-O Bg7 5. Re1 e5 6. c3 Nge7 7. d4 exd4 8. cxd4 cxd4 9. Bf4 O-O 10. Bd6 Re8 11. Bc4 Qa5 12. Qb3 Nd8 13. Nbd2 Ne6 14. e5 Nf5 15. Bb4 Qd8 16. Ne4 b6 17. Bd5 Rb8 18. Nd6 Nxd6 19. Bxd6 Bb7 20. Bxb8 Qxb8 21. Rad1 Nc5 22. Qc4 Bxd5 23. Qxd5 d3 24. b4 Na4 25. Rxd3 Qc7 26. Qxd7 1-0


[Site "https://www.chess.com"]

[Event "Titled Tuesday Blitz May 16 Early 2023"]
[White "Weishaeutel, Moritz"]
[Black "Rios Escobar, Adan"]
[WhiteFideId "12967300"]
[BlackFideId "3403645"]
[WhiteElo "2301"]
[BlackElo "2462"]
[Result "1-0"]
[Round "07"]
[TimeControl "180+2"]
[Date "2023.05.16"]
[WhiteClock "0:00:38"]
[BlackClock "0:00:00"]

1. e4 c5 2. d4 cxd4 3. c3 dxc3 4. Nxc3 d6 5. Nf3 a6 6. Bc4 Nc6 7. O-O Nf6 8. Bf4 Bg4 9. h3 Bxf3 10. Qxf3 e6 11. Rfd1 Qb8 12. Be2 Be7 13. Qg3 e5 14. Bg5 Nd4 15. Bf1 Qd8 16. Rac1 O-O 17. Bh6 Ne6 18. Bc4 Nh5 19. Qg4 Nhf4 20. g3 Kh8 21. Bxf4 exf4 22. gxf4 b5 23. Bd5 Rc8 24. f5 Nc5 25. e5 dxe5 26. Bb7 Qc7 27. Bxc8 Rxc8 28. Nd5 Qb7 29. Nxe7 Qxe7 30. f6 Rg8 31. fxe7 1-0


[Site "https://www.chess.com"]